 Dungeon Crawl Stone Soup version 0.17-a0-1954-g0dddeaa (webtiles) character file.

85789 brucemayne the Severer (level 15, -2/193 HPs)
             Began as a Mottled Draconian Berserker on Oct 3, 2015.
             Was an Elder of Trog.
             Slain by a greater naga
             ... wielding a +0 flail
              (5 damage)
             ... on level 4 of the Snake Pit.
             The game lasted 01:15:42 (12088 turns).

brucemayne the Severer (DrBe)                      Turns: 12088, Time: 01:15:42

Health: -2/193     AC: 13    Str: 30      XL:     15   Next: 39%
Magic:  15/15      EV: 20    Int: 11      God:    Trog [****..]
Gold:   1221       SH:  0    Dex: 19 (20) Spells: 0 memorised, 14 levels left

rFire  . . .     SeeInvis +     r - +6 battleaxe of Sihysaim {vamp, Int+4 Dex+5 SInv}
rCold  . . .     Clarity  +     (armour unavailable)
rNeg   . . .     SustAt   .     (no shield)
rPois  +         Gourm    .     M - +1 hat {SInv}
rElec  .         Spirit   .     (no cloak)
rCorr  .         Warding  .     o - +1 pair of gloves {Str+3}
rMut   .         Stasis   .     e - +0 pair of boots
MR     ++...                    G - amulet of clarity
Stlth  ..........               a - ring of poison resistance
                                u - ring of protection from magic

@: berserking, lethally poisoned (-2 -> -3), constricted, very quick, very
resistant to hostile enchantments, extremely unstealthy
A: breathe sticky flame splash, unfitting armour, cold-blooded, AC +9
a: Breathe Sticky Flame, Burn Spellbooks, Berserk, Trog's Hand, Brothers in
Arms, Renounce Religion


You were on level 4 of the Snake Pit.
You worshipped Trog.
Trog was greatly pleased with you.
You were not hungry.

You visited 5 branches of the dungeon, and saw 29 of its levels.

You collected 2257 gold pieces.
You spent 1036 gold pieces at shops.

Inventory:

Hand weapons
 g - a +2 scimitar of holy wrath
 r - the +6 battleaxe of Sihysaim (weapon) {vamp, Int+4 Dex+5 SInv}
   (Trog gifted it to you on level 2 of the Lair of Beasts)

   It inflicts no extra harm, but heals its wielder somewhat when it strikes a
   living foe.
   It affects your intelligence (+4).
   It affects your dexterity (+5).
   It lets you see invisible.
 t - a +0 battleaxe of freezing
 y - the +9 falchion "Gaaqynio" {freeze, rN+, unknown}
   (You found it on level 2 of the Snake Pit)

   It has been specially enchanted to freeze those struck by it, causing extra
   injury to most foes and up to half again as much damage against particularly
   susceptible opponents.
   It can also slow down cold-blooded creatures.
   It protects you from negative energy.
 J - a +4 war axe of flaming
 S - a +1 war axe of venom
 W - a +2 blowgun
Missiles
 T - 7 tomahawks of returning (quivered)
 Y - 4 curare-tipped needles
Armour
 e - a +0 pair of boots (worn)
 o - a +1 pair of gloves of strength (worn)
 M - a +1 hat of see invisible (worn)
Jewellery
 a - a ring of poison resistance (right hand)
 m - an uncursed ring of positive energy
 u - a ring of protection from magic (left hand)
 E - an uncursed ring of teleportation
 G - an amulet of clarity (around neck)
 H - an uncursed ring of protection from fire
Magical devices
 i - a wand of cold (9)
 k - a wand of heal wounds (0)
 n - a wand of confusion (23)
 p - a wand of paralysis (8)
 x - a wand of disintegration (16)
 z - a wand of paralysis (8)
 B - a wand of fire (2)
 F - a wand of random effects (15)
 K - a wand of teleportation (6)
 R - a wand of disintegration (9)
 U - a wand of digging (15)
Scrolls
 f - 3 scrolls of immolation
 h - a scroll of acquirement
 j - 8 scrolls of remove curse
 l - 3 scrolls of fog
 A - 2 scrolls of teleportation
Potions
 d - a potion of brilliance {unknown}
 q - a potion of degeneration
 s - 5 potions of curing
 v - 3 potions of magic
 w - 2 potions of lignification
 C - 2 potions of agility
 D - 2 potions of might
 Z - a potion of haste {unknown}
Books
 L - a book of Death

   Spells                             Type                      Level
   a - Corpse Rot                     Necromancy                   2
   b - Sublimation of Blood           Necromancy                   2
   c - Agony                          Necromancy                   5
   d - Dispel Undead                  Necromancy                   5
   e - Excruciating Wounds            Charms/Necromancy            5
   f - Bolt of Draining               Conjuration/Necromancy       5
   Trog disapproves of the use of such an item.
Miscellaneous
 N - a stone of tremors
Comestibles
 b - 6 bread rations
 c - 5 meat rations


   Skills:
 - Level 11.1 Fighting
 - Level 20.2 Axes
 + Level 13.2 Dodging


You had 14 spell levels left.
You didn't know any spells.

Dungeon Overview and Level Annotations

Branches:
Dungeon (12/15)            Temple (1/1) D:7            Lair (8/8) D:8
  Swamp (0/4) Lair:5        Snake (4/4) Lair:6          Orc (4/4) D:10
    Elf (0/3) Orc:4
  Slime: Lair:6-8

Altars:
Ashenzari
Cheibriados
Dithmenos
Elyvilon
Fedhas
Gozag
Makhleb
Nemelex Xobeh
Okawaru
Qazlal
Sif Muna
Trog
Vehumet
Xom
Yredelemnul
Zin
The Shining One
Beogh

Shops:
D:10 (!   D:11 [   Orc:1 ((=   Orc:4 }(}}

Annotations:
D:3 Natasha
D:6 Blork the orc
Snake:4 exclusion: upstairs


Innate Abilities, Weirdness & Mutations

You can spit globs of burning liquid.
You can ignite nearby creatures when you spit burning liquid.
Your weird mottled scales are hard (AC +9).
Your body does not fit into most forms of armour.
You are cold-blooded and may be slowed by cold attacks.


Message History

The greater naga barely misses you. The greater naga constricts you.
The naga warrior hits you with a hand axe!
You hit the greater naga but do no damage.
You tail-slap the greater naga, but do no damage.
The greater naga is severely wounded.
The naga warrior blocks your attack.
The naga warrior is moderately wounded.
You feel sick.
The greater naga hits you with a flail!!
* * * LOW HITPOINT WARNING * * *
x2 The greater naga constricts you.
Use which ability?
A red film seems to cover your vision as you go berserk!
You feel yourself moving faster!
You feel mighty!
You feel somewhat more hungry.
You feel sick.
The naga warrior hits you with a hand axe!!
* * * LOW HITPOINT WARNING * * *
The greater naga hits you with a flail!
* * * LOW HITPOINT WARNING * * *
You die...

###).##......(.##..#**** ***,,,*
..)..)........()[#)#### *,,,*
#.##.#####....(#.)....#####*****
#..#...# ###..(#.........)##
##.#...####...(#..........[##
..)#)........(##.......)##N.##
#.....<####..(#############..####
##.......####...############.....
#..#[[..# #..N@N##....(.###...#
#...().<# #.)(#...............#
##.#.(.### #.(.##.....[.........
#..##(..# ################...##
##..#...# ####(..).... ##.#..(#
###..#........ #..(###
#.(.N#........ ###...###
##....#..#..... #.....#
#..(.##.N......


You could see a naga warrior and a greater naga.

Vanquished Creatures
  Gastronok (Orc:2)
  4 greater nagas (Snake:4)
  2 catoblepae (Lair:8)
  An anaconda (Snake:4)
  8 naga warriors
  A hydra (Lair:8)
  Erica (Lair:1)
  A queen ant (Lair:3)
  6 death yaks (Lair:7)
  2 orc high priests (Orc:4)
  4 shock serpents
  Urug (Lair:1)
  7 naga sharpshooters
  Sonja (D:12)
  A lindwurm (Lair:8)
  An unseen horror (D:11)
  2 naga ritualists (Snake:4)
  A mana viper (Snake:3)
  A griffon (Lair:8)
  2 hill giants (D:11)
  4 orc knights (Orc:4)
  A salamander (Snake:2)
  An orc sorcerer (Orc:4)
  3 cyclopes
  An ugly thing (D:12)
  2 manticores (Lair:8)
  3 guardian serpents (Snake:4)
  13 elephants
  A gargoyle (D:10)
  9 black mambas
  14 naga magi
  15 spiny frogs
  3 komodo dragons
  5 fire drakes
  3 trolls
  4 two-headed ogres
  A polar bear (Lair:5)
  20 blink frogs
  A shadow (D:11)
  18 yaks
  10 hippogriffs
  A wyvern (Lair:8)
  3 basilisks
  A hungry ghost (D:10)
  24 nagas
  6 vampire mosquitoes (Lair:5)
  Menkaure (D:6)
  2 steam dragons (D:9)
  3 wargs
  3 hell hounds
  5 soldier ants (Lair:3)
  16 water moccasins
  10 porcupines
  14 wolves
  9 ogres
  4 sky beasts
  18 orc warriors
  2 ice beasts
  A necrophage (D:9)
  12 crocodiles
  5 centaurs
  3 big kobolds
  12 giant frogs
  A scorpion (D:6)
  2 killer bees (D:8)
  9 wights
  4 crimson imps
  14 orc priests
  A centaur zombie (D:12)
  3 jellies
  2 giant frog skeletons (D:11)
  17 orc wizards
  An iguana (D:9)
  Natasha (D:3)
  26 worker ants
  12 sheep
  2 worker ant zombies (D:6)
  25 river rats
  6 adders
  3 gnolls
  2 shadow imps (D:10)
  An adder zombie (D:7)
  A giant gecko (D:4)
  160 orcs
  2 goblins (D:2)
  4 hobgoblins
  11 kobolds
  3 quokkas
  A bat (D:1)
  A giant newt (D:4)
  10 jackals
  A rat (D:3)
  8 fungi
  3 plants
672 creatures vanquished.

Vanquished Creatures (collateral kills)
  Azrael (Orc:4)
  An orc high priest (Orc:4)
  A shock serpent (Snake:1)
  2 orc sorcerers (Orc:4)
  A vampire mosquito (Lair:5)
  2 fire elementals (Orc:4)
  3 hell hounds (Orc:4)
  2 orc warriors (Orc:4)
  2 orc priests (Orc:4)
  An orc wizard (Orc:4)
16 creatures vanquished.

Vanquished Creatures (others)
  3 fungi
  4 plants
7 creatures vanquished.

Grand Total: 695 creatures vanquished

Notes
Turn   | Place    | Note
--------------------------------------------------------------
     0 | D:1      | brucemayne the Draconian Berserker began the quest for the Orb.
     0 | D:1      | Reached XP level 1. HP: 19/19 MP: 1/1
   114 | D:3      | Reached XP level 2. HP: 20/26 MP: 2/2
   156 | D:3      | Noticed Natasha
   164 | D:3      | Killed Natasha
   164 | D:3      | Reached skill level 4 in Axes
   164 | D:3      | Reached XP level 3. HP: 24/31 MP: 3/3
   181 | D:3      | Noticed Natasha
   322 | D:4      | Noticed a giant frog
   339 | D:4      | Killed a giant frog
   339 | D:4      | Reached skill level 5 in Axes
   339 | D:4      | Reached XP level 4. HP: 27/38 MP: 4/4
   412 | D:4      | Reached XP level 5. HP: 30/45 MP: 5/5
   540 | D:5      | Entered Level 5 of the Dungeon
   609 | D:6      | Reached skill level 6 in Axes
   673 | D:6      | Noticed a centaur
   687 | D:6      | Killed a centaur
   687 | D:6      | Reached XP level 6. HP: 29/51 MP: 6/6
   723 | D:6      | Reached skill level 7 in Axes
   752 | D:6      | Noticed an ogre
   857 | D:7      | Noticed a water moccasin
   865 | D:7      | Acquired Trog's second power
   869 | D:7      | Killed a water moccasin
   921 | D:7      | Reached skill level 8 in Axes
   921 | D:7      | Your scales start taking on a weird mottled colour.
   921 | D:7      | Reached XP level 7. HP: 27/57 MP: 7/7
  1053 | D:6      | Noticed Menkaure
  1063 | D:6      | Killed Menkaure
  1114 | D:7      | Found a staircase to the Ecumenical Temple.
  1126 | D:7      | Reached skill level 9 in Axes
  1128 | Temple   | Entered the Ecumenical Temple
  1234 | D:7      | Noticed a hungry ghost
  1464 | D:8      | Reached XP level 8. HP: 40/63 MP: 8/8
  1466 | D:8      | Reached skill level 10 in Axes
  1532 | D:8      | Identified a scroll of acquirement
  1818 | D:7      | Killed an ogre
  1870 | D:6      | Noticed an orc warrior
  1875 | D:6      | Reached skill level 11 in Axes
  1936 | D:6      | Killed an orc warrior
  1995 | D:5      | Noticed an ogre
  2014 | D:5      | Killed an ogre
  2070 | D:6      | Noticed an ogre
  2092 | D:6      | Killed an ogre
  2116 | D:6      | Reached XP level 9. HP: 45/70 MP: 9/9
  2120 | D:6      | Reached skill level 12 in Axes
  2128 | D:6      | Noticed Blork the orc
  2156 | D:5      | Found a deep blue altar of Sif Muna.
  2391 | D:8      | Got a crystal glaive
  2638 | D:10     | Entered Level 10 of the Dungeon
  2672 | D:10     | Reached skill level 5 in Fighting
  2726 | D:10     | Found Kujom's Weapon Shoppe.
  2762 | D:10     | Found a staircase to the Orcish Mines.
  2787 | D:10     | Reached skill level 5 in Dodging
  3030 | D:10     | Noticed a gargoyle
  3110 | D:10     | Killed a gargoyle
  3110 | D:10     | Reached XP level 10. HP: 64/84 MP: 10/10
  3132 | D:10     | Found Zucizug's Distillery.
  3182 | Orc:1    | Entered Level 1 of the Orcish Mines
  3182 | Orc:1    | Found Sutziss's Jewellery Shop.
  3218 | Orc:1    | Found Licinesui's Antique Weapon Emporium.
  3339 | Orc:2    | Reached skill level 13 in Axes
  3389 | Orc:2    | Noticed Gastronok
  3452 | Orc:2    | Killed Gastronok
  3452 | Orc:2    | Reached skill level 14 in Axes
  3508 | Orc:1    | Found Warufaujimm's Weapon Emporium.
  3642 | Orc:3    | Acquired Trog's third power
  3809 | Orc:4    | Entered Level 4 of the Orcish Mines
  4010 | Orc:4    | Found a staircase to the Elven Halls.
  4030 | Orc:4    | Noticed a cyclops
  4048 | Orc:4    | Reached XP level 11. HP: 72/90 MP: 11/11
  4097 | Orc:3    | Reached skill level 15 in Axes
  4130 | Orc:4    | Noticed Azrael
  4308 | Orc:3    | Received a gift from Trog
  4520 | Orc:4    | Killed Azrael
  4597 | Orc:4    | Killed a cyclops
  4656 | Orc:3    | Found a roughly hewn altar of Beogh.
  4753 | Orc:4    | Noticed an orc knight
  4838 | Orc:4    | Killed an orc knight
  4838 | Orc:4    | Reached skill level 16 in Axes
  4944 | Orc:4    | Noticed an orc knight
  4949 | Orc:4    | Noticed an orc high priest
  4978 | Orc:4    | Noticed an orc sorcerer
  4978 | Orc:4    | Noticed an orc high priest
  4998 | Orc:4    | Killed an orc high priest
  4999 | Orc:4    | Killed an orc sorcerer
  5006 | Orc:4    | Killed an orc high priest
  5019 | Orc:4    | Noticed an orc knight
  5019 | Orc:4    | Noticed an orc sorcerer
  5025 | Orc:4    | Noticed an orc knight
  5025 | Orc:4    | Killed an orc knight
  5025 | Orc:4    | Received a gift from Trog
  5028 | Orc:4    | Killed an orc sorcerer
  5035 | Orc:4    | Noticed an orc sorcerer
  5040 | Orc:4    | Noticed an orc high priest
  5041 | Orc:4    | Killed an orc knight
  5044 | Orc:4    | Killed an orc knight
  5124 | Orc:4    | Killed an orc high priest
  5154 | Orc:4    | Killed an orc sorcerer
  5157 | Orc:4    | Found Lisacidghe's Antique Weapon Shop.
  5157 | Orc:4    | Found Suxkyclo's Gadget Emporium.
  5159 | Orc:4    | Found Edifeum's Gadget Shop.
  5159 | Orc:4    | Found Mukkoca's Gadget Emporium.
  5168 | Orc:4    | Bought a wand of heal wounds (1) for 330 gold pieces
  5170 | Orc:4    | Bought a wand of disintegration (14) for 288 gold pieces
  5172 | Orc:4    | Bought a wand of digging (15) for 418 gold pieces
  5491 | D:12     | Noticed Sonja
  5500 | D:12     | Killed Sonja
  5500 | D:12     | Reached XP level 12. HP: 94/103 MP: 12/12
  5781 | D:11     | Noticed an unseen horror
  5789 | D:11     | Killed an unseen horror
  5819 | D:11     | Noticed a hill giant
  5828 | D:11     | Killed a hill giant
  5829 | D:11     | Noticed a hill giant
  5886 | D:11     | Killed a hill giant
  5982 | D:12     | Reached skill level 10 in Fighting
  6163 | D:11     | Found Ygrul's Armour Boutique.
  6654 | D:9      | Found a radiant altar of Vehumet.
  6660 | D:9      | Found a glowing golden altar of the Shining One.
  6661 | D:9      | Found a deep blue altar of Sif Muna.
  6661 | D:9      | Found a sparkling altar of Nemelex Xobeh.
  6661 | D:9      | Found a burning altar of Makhleb.
  6667 | D:9      | Found a shimmering altar of Xom.
  6671 | D:9      | Found an opulent altar of Gozag.
  6842 | D:8      | Found a staircase to the Lair.
  6857 | Lair:1   | Entered Level 1 of the Lair of Beasts
  7027 | Lair:1   | HP: 8/162 [poisoned by a spiny frog]
  7432 | Lair:3   | Reached skill level 10 in Dodging
  7459 | Lair:3   | Received a gift from Trog
  7477 | Lair:3   | Reached XP level 13. HP: 84/116 MP: 13/13
  7632 | Lair:1   | Noticed Erica
  7652 | Lair:2   | Received a gift from Trog
  7653 | Lair:2   | Got a steaming battleaxe {god gift}
  7654 | Lair:2   | Identified the +6 battleaxe of Sihysaim {vamp, Int+4 Dex+5 SInv} (Trog gifted it to you on level 2 of the Lair of Beasts)
  7679 | Lair:2   | thxtrog
  7740 | Lair:1   | Killed Erica
  7757 | Lair:1   | Noticed Urug
  7768 | Lair:1   | Killed Urug
  8332 | Lair:5   | Reached skill level 17 in Axes
  8388 | Lair:5   | Found a staircase to the Swamp.
  8593 | Lair:6   | Found a staircase to the Snake Pit.
  8771 | Lair:7   | Received a gift from Trog
  8893 | Lair:7   | Reached skill level 18 in Axes
  9114 | Lair:7   | Reached XP level 14. HP: 124/124 MP: 14/14
  9125 | Lair:8   | Entered Level 8 of the Lair of Beasts
  9488 | Lair:8   | Received a gift from Trog
  9488 | Lair:8   | Reached skill level 19 in Axes
 10038 | Snake:1  | Entered Level 1 of the Snake Pit
 10234 | Snake:2  | Got an encrusted falchion
 10469 | Snake:4  | Entered Level 4 of the Snake Pit
 10530 | Snake:4  | Reached skill level 20 in Axes
 10548 | Snake:4  | Found Ewkur's Gadget Emporium.
 11106 | Snake:4  | Noticed a greater naga
 11121 | Snake:4  | Noticed a greater naga
 11132 | Snake:4  | Received a gift from Trog
 11178 | Snake:4  | Killed a greater naga
 11253 | Snake:4  | Killed a greater naga
 11253 | Snake:4  | Reached XP level 15. HP: 100/129 MP: 15/15
 11275 | Snake:4  | Noticed a greater naga
 11455 | Snake:4  | Killed a greater naga
 11554 | Snake:4  | Noticed a greater naga
 11605 | Snake:4  | Noticed a greater naga
 11809 | Snake:4  | Killed a greater naga
 12088 | Snake:4  | HP: 3/193 [greater naga/flail (16)]
 12088 | Snake:4  | Slain by a greater naga

Vault maps used:
D:1:      minmay_arrival_split_and_join
D:2:      first_bread, hangedman_decor_peaks_small
D:3:      uniq_natasha
D:4:      minmay_misc_feat_tiny, roderic_three_in_a_row
D:5:      serial_undead, serial_undead_a, serial_undead_d, serial_undead_c,
          serial_undead_a, basic_altar
D:6:      uniq_menkaure, uniq_blork_the_orc
D:7:      kennysheep_six_static_rooms, minmay_temple_entry_large_hall,
          grunt_livestock
D:8:      dpeg_oklobed_lair
D:9:      kennysheep_steamy, minitemple
D:10:     orc_david_3, serial_shops, nicolae_shop_crystal
D:11:     serial_shops, shop_statue
D:12:     minivault_16, uniq_sonja
Temple:   chambers_temple_12
Lair:1:   beast_lair_carwin_7, uniq_urug, uniq_erica
Lair:2:   mu_elephants_graveyard
Lair:3:   minmay_another_anthill, serial_bayou_shore_b
Lair:5:   minmay_swamp_entry_swarm
Lair:6:   guppyfry_snake_entry_island
Lair:7:   slime_altar_1, minivault_23, serial_bayou_shore_a
Lair:8:   hangedman_lair_in_review, grunt_forest_small_clearings,
          infiniplex_staircase_pool
Snake:1:  grunt_ministairs_2, spider_trap, nicolae_snake_double_loop,
          guppyfry_snake_island
Snake:2:  serial_shops, nicolae_shop_stone, uniq_vashnia
Snake:3:  serial_shops, shop_coins, nicolae_shop_scaring_up_business, shop,
          shop_fountains, spider_trap
Snake:4:  snake_pit, serial_shops, shop_statue
Orc:1:    serial_shops, shop, shop, shop, shop, nicolae_shop_window_shopping
Orc:2:    nicolae_orc_stony_grotto, lightli_orcish_oven, uniq_gastronok
Orc:3:    cheibrodos_orc_bank, basic_altar, nicolae_orc_pool_cavern
Orc:4:    grunt_orc_tribal_feast, uniq_azrael

Action                   |  1- 3 |  4- 6 |  7- 9 | 10-12 | 13-15 || total
-------------------------+-------+-------+-------+-------+-------++-------
Melee: Hand axe          |    35 |    61 |   171 |       |       ||   267
       War axe           |       |       |   105 |   838 |    47 ||   990
       Battleaxe         |       |       |       |       |   847 ||   847
Invok: Berserk           |     2 |     5 |    14 |    12 |     6 ||    39
       Trog's Hand       |       |     1 |     5 |    23 |    27 ||    56
       Brothers in Arms  |       |       |       |     5 |     2 ||     7
 Abil: Breathe Sticky Fl |       |       |     3 |     8 |       ||    11
Evoke: Wand              |       |       |     4 |     5 |    11 ||    20
  Use: Scroll            |       |     5 |     5 |     5 |    16 ||    31
       Potion            |       |       |     1 |     4 |     3 ||     8
 Stab: Confused          |       |       |     2 |       |       ||     2
       Paralysed         |       |       |       |     2 |     1 ||     3
       Distracted        |       |       |       |     1 |       ||     1
       Sleeping          |       |       |       |     1 |     4 ||     5
  Eat: Chunk             |       |     5 |    19 |    27 |    11 ||    62
       Beef jerky        |       |     1 |       |     2 |       ||     3
       Fruit             |       |       |     5 |     3 |     2 ||    10
       Pizza             |       |       |       |     1 |     2 ||     3
       Bread ration      |       |       |       |       |     3 ||     3
       Royal jelly       |       |       |       |       |     1 ||     1
